 Dungeon Crawl Stone Soup version 0.28-a0-2-g643f2454ad (webtiles) character file.

Game seed: 4034041948078556703

1487 27snakeeyes612 the Ruffian (level 8, 0/118 HPs)
             Began as a Troll Monk on July 22, 2021.
             Slain by a water moccasin (5 damage)
             ... on level 4 of the Dungeon.
             The game lasted 00:05:02 (3451 turns).

27snakeeyes612 the Ruffian (Troll Monk)             Turns: 3451, Time: 00:05:02

Health: 0/118      AC:  6    Str: 22    XL:     8   Next: 50%
Magic:  7/7        EV: 11    Int:  6    God:
Gold:   179        SH:  0    Dex: 12    Spells: 7/7 levels left

rFire   . . .      SeeInvis .     - Unarmed
rCold   . . .      Faith    .   (no shield)
rNeg    . . .      Spirit   .   a - +0 robe
rPois   .          Reflect  .   (helmet restricted)
rElec   .          Harm     .   m - +1 cloak {Stlth+}
rCorr   .          Rampage  .   (gloves unavailable)
Will    .....                   (boots unavailable)
Stlth   ..........              (no amulet)
HPRegen 1.29/turn               (no ring)
MPRegen 0.10/turn               (no ring)

@: berserking, lethally poisoned (0 -> -2), very quick
A: large, unfitting armour, claws 3, regeneration 1, shaggy fur 1, tough skin 1
a: no special abilities


You were on level 4 of the Dungeon.
You visited 1 branch of the dungeon, and saw 5 of its levels.

You collected 179 gold pieces.

Inventory:

Missiles
 g - 10 poisoned darts (quivered)
Armour
 a - a +0 robe (worn)
 e - a +1 tower shield of cold resistance
 m - a +1 cloak of stealth (worn)
Jewellery
 f - an amulet of guardian spirit
Wands
 h - a wand of polymorph (12)
Scrolls
 l - a scroll of teleportation
Potions
 c - 2 potions of berserk rage
 d - 4 potions of curing {unknown}
 i - 3 potions of resistance {unknown}
 j - 2 potions of degeneration {unknown}
 k - a potion of lignification {unknown}


   Skills:
 + Level 4.6 Fighting
 + Level 4.0 Throwing
 + Level 4.5 Dodging
 - Level 1.1 Stealth
 + Level 3.6 Shields
 + Level 5.6 Unarmed Combat


You had 7 spell levels left.
You didn't know any spells.
Your spell library contained the following spells:

 Spells                   Type           Power      Damage    Failure   Level
 Inner Flame              Hex/Fire       0%         N/A       83%         3
 Cause Fear               Hex            0%         N/A       99%         4
 Summon Ice Beast         Ice/Summ       0%         N/A       99%         4
 Summon Mana Viper        Hex/Summ       0%         N/A       100%        5
 Monstrous Menagerie      Summ           0%         N/A       100%        7
 Discord                  Hex            0%         N/A       100%        8


Dungeon Overview and Level Annotations

Branches:
Dungeon (5/15)
 Temple: D:4-7

Altars:
Elyvilon
Qazlal
Ru


Innate Abilities, Weirdness & Mutations

You are too large for most types of armour.
You have claws for hands.
Your natural rate of healing is unusually fast.
You are covered in fur. (AC +1)
You have tough skin. (AC +1)


Message History

You hear a shout! x3
There is a stone staircase leading up here.
You feel sick. The howler monkey hits you.
You feel sick. The adder bites you but does no damage.
The water moccasin bites you. The howler monkey barely misses you.
You climb upwards.
You feel sick.
There is a stone staircase leading down here.
You are too injured to fight recklessly!
You are too injured to fight recklessly!
You closely miss the howler monkey.
You feel sick. The water moccasin bites you.
You are more poisoned.
The water moccasin poisons you! The howler monkey closely misses you.
You barely miss the howler monkey.
You feel sick. The water moccasin bites you.
* * * LOW HITPOINT WARNING * * *
The howler monkey barely misses you.
You barely miss the howler monkey.
You feel sick. The water moccasin bites you.
* * * LOW HITPOINT WARNING * * *
The howler monkey closely misses you. The water moccasin bites you.
* * * LOW HITPOINT WARNING * * *
You barely miss the water moccasin.
You feel sick.
The howler monkey hoots and howls with incredible vigour!
The water moccasin closely misses you.
You closely miss the water moccasin.
You feel sick. The howler monkey hits you.
* * * LOW HITPOINT WARNING * * *
The water moccasin bites you.
* * * LOW HITPOINT WARNING * * *
You are more poisoned.
The water moccasin poisons you!
You scratch the water moccasin but do no damage.
* * * LOW HITPOINT WARNING * * *
You feel very sick. The water moccasin closely misses you.
The howler monkey hoots and howls with incredible vigour!
It was a potion of berserk rage.
A red film seems to cover your vision as you go berserk!
You feel yourself moving faster!
You feel mighty!
You feel very sick. The water moccasin bites you.
You die...

#........#.............#....
#........#..#########+##....
#######.########...#........
#.# #......+........ #.##
#......#........
#..####......#..<.....
##.##..##....#..).)...
##########.#8..8#.......).....
#...........h@....##..........
#.#########..S...##...8..####+
#.# ##8..8###......#.... #.#
##..## #......+.... #.# ####
#......#.... #.# #......#....
#.######## #......#####
#.##..#..## ###.......#.
#.####....## #.........


You could see a water moccasin and a howler monkey (catching breath).

Vanquished Creatures
  Pikel (D:5)
  An ogre (D:4)
  A centaur (D:4)
  A water moccasin zombie (D:4)
  A scorpion (D:4)
  A vampire bat (D:4)
  2 bullfrog zombies (D:4)
  A hound (D:3)
  Crazy Yiuf (D:3)
  An orc priest (D:4)
  A centaur skeleton (D:4)
  4 scorpion zombies (D:4)
  3 orc wizards
  2 hound zombies (D:4)
  Robin (D:3)
  4 gnolls (D:4)
  6 adders
  An adder zombie (D:4)
  2 worms
  5 dart slugs
  3 fire bats (D:4)
  18 orcs
  2 spectral bats (D:4)
  6 ball pythons
  12 bats
  3 bat skeletons (D:4)
  A bat zombie (D:4)
  5 endoplasms
  2 giant cockroaches
  16 goblins
  11 hobgoblins
  6 jackals
  4 quokkas
  A bat simulacrum (D:4)
  A frilled lizard (D:3)
  A jackal zombie (D:4)
  8 kobolds
  A quokka zombie (D:4)
  8 rats
149 creatures vanquished.

Vanquished Creatures (others)
  8 plants (D:1)
  A withered plant (D:4)
9 creatures vanquished.

Grand Total: 158 creatures vanquished

Notes
Turn   | Place    | Note
-------+----------+-------------------------------------------
     0 | D:1      | 27snakeeyes612 the Troll Monk began the quest for the Orb.
     0 | D:1      | Reached XP level 1. HP: 22/22 MP: 0/0
   201 | D:1      | Reached XP level 2. HP: 29/29 MP: 1/1
   480 | D:1      | Found a faded altar of an unknown god.
   526 | D:1      | Reached XP level 3. HP: 36/36 MP: 2/2
  1164 | D:2      | Reached skill level 1 in Shields
  1206 | D:2      | Reached skill level 1 in Throwing
  1209 | D:2      | Reached XP level 4. HP: 44/44 MP: 3/3
  1592 | D:3      | Found a sacrificial altar of Ru.
  1708 | D:3      | Found a runed translucent door.
  1709 | D:3      | Noticed Crazy Yiuf
  1850 | D:3      | Reached XP level 5. HP: 53/53 MP: 4/4
  2206 | D:3      | Noticed Robin
  2260 | D:3      | Killed Robin
  2522 | D:3      | Killed Crazy Yiuf
  2523 | D:3      | Reached skill level 4 in Unarmed Combat
  2584 | D:4      | Found a stormy altar of Qazlal.
  2598 | D:4      | Reached XP level 6. HP: 60/61 MP: 5/5
  2681 | D:4      | Reached XP level 7. HP: 68/68 MP: 6/6
  2985 | D:4      | Found a white marble altar of Elyvilon.
  3204 | D:4      | Reached skill level 5 in Unarmed Combat
  3348 | D:4      | Reached XP level 8. HP: 74/78 MP: 7/7
  3430 | D:5      | Entered Level 5 of the Dungeon
  3430 | D:5      | Noticed Pikel
  3437 | D:5      | Killed Pikel
  3451 | D:4      | HP: 5/118 [poisoned by a water moccasin]
  3451 | D:4      | Slain by a water moccasin

Illustrated notes

Levels and vault maps discovered:
D:1:      lightli_arrival_flooded_house, layout_loops_ring,
          dreamdust_ecumenical_altar_angels_and_demons,
          minmay_stone_trees_medium, chequers_big_river
D:2:      layout_basic, serial_bayou, serial_bayou_shore_b,
          serial_bayou_shore_a, serial_bayou_lagoon_b, serial_bayou_lagoon_a,
          minmay_close_crescents
D:3:      layout_basic, mainiacjoe_overflow_paths, minmay_parallelograms,
          uniq_robin, uniq_crazy_yiuf_cottage
D:4:      layout_gridville, elyvilon_altar_3, grunt_qazlal_clouds,
          serial_undead, serial_undead_b, serial_undead_a, serial_undead_b,
          serial_undead_b, serial_undead_c, serial_undead_d, st_stairs_6,
          goddamned_bats
D:5:      layout_loops_ring, lemuel_crystal_altar, nicolae_uskayaw_en_pointe,
          minmay_temple_entry_gardened_gates, hex_large, grunt_decor_arrowhead,
          serial_bayou_pond_e, chequers_serial_rivers_marsh,
          minmay_misc_feat_tiny, uniq_pikel

Skill      XL: |  1  2  3  4  5  6  7  8 |
---------------+-------------------------+-----
Shields        | 1 2 3 |  3.6
Throwing       | 1 2 3 4 |  4.0
Fighting       | 3 4 |  4.6
Dodging        | 3 4 |  4.5
Unarmed Combat | 4 5 |  5.6
Stealth        | |  1.1

Action                   |  1- 3 |  4- 6 |  7- 9 || total
-------------------------+-------+-------+-------++-------
Melee: Unarmed           |   123 |   148 |   154 ||   425
       Punch             |       |     6 |     3 ||     9
Throw: Dart              |       |     4 |       ||     4
       Large rock        |       |     3 |     2 ||     5
  Use: Scroll            |       |     5 |     1 ||     6
       Potion            |       |       |     1 ||     1
 Stab: Sleeping          |     1 |     3 |     6 ||    10
Armor: Robe              |    30 |    47 |   128 ||   205
       Skin              |       |     6 |       ||     6
Dodge: Dodged            |    57 |    83 |   141 ||   281
Block: Tower shield      |     1 |       |       ||     1

Table legend: (Time is in decaauts)
 A = Elapsed time spent in this place.
 B = Non-inter-level travel time spent in this place.
 C = Inter-level travel time spent in this place.
 D = Time resting spent in this place.
 E = Time spent auto-exploring this place.
 F = Levels seen in this place.
 G = Mean time per level.
                   A        B        C        D        E       F      G
               +--------+--------+--------+--------+--------+-----+--------+
         Total |   3456 |   3309 |    147 |      6 |   2492 |   5 |  691.2 |
       Dungeon |   3456 |   3309 |    147 |      6 |   2492 |   5 |  691.2 |
               +--------+--------+--------+--------+--------+-----+--------+

Top non-repeatable levels by time:
     D:3: 987 daAuts
     D:1: 862 daAuts
     D:4: 840 daAuts
     D:2: 751 daAuts
     D:5: 15 daAuts
